 Dungeon Sprint DCSS version 0.31.0-12-g77e489cdc1 (webtiles) character file.

Game seed: 11950281172821190733

57720 Heoruswealwe the Minotaur Porcupine (level 14, -7/158 HPs)
             Began as a Minotaur Fighter on Feb 22, 2024.
             Was an Initiate of Gozag.
             Mangled by a vault warden
             ... wielding a +0 war axe
              (31 damage)
             ... in the Dungeon (Sprint IX: "|||||||||||||||||||||||||||||").
             The game lasted 00:46:29 (5874 turns).

Heoruswealwe the Minotaur Porcupine (MiFi)          Turns: 5874, Time: 00:46:32

Health: -7/158     AC: 12    Str: 30    XL:     14   Next: 46%
Magic:  13/13      EV: 24    Int:  5    God:    Gozag
Gold:   3957       SH:  0    Dex: 10    Spells: 13/13 levels left

rFire   + + .        b - melded +2 glaive (vamp)
rCold   + . .        (shield currently unavailable)
rNeg    + + +        c - melded +0 shadow dragon scales
rPois   +            (helmet currently unavailable)
rElec   +            h - melded +1 cloak {rCorr}
rCorr   +            f - melded +0 pair of gloves
SInv    .            e - melded +2 pair of boots {Fly}
Will    +....        i - amulet "Buodwir" {Regen+ rCorr Str+4}
Stlth   +            k - ring of poison resistance
HPRegen 1.26/turn    j - ring of protection from fire
MPRegen 0.13/turn

%: no teleportation
@: fungus-form, resistant, marked, gold aura
A: melee confuse, terrified, no casting, tiny, (horns 2), (retaliatory headbutt)
a: Renounce Religion, Potion Petition, Call Merchant, Bribe Branch


You were in the Dungeon.
You worshipped Gozag.
Gozag was most pleased with you.
You were a sentient fungus.
You visited 1 branch You collected 17120 gold pieces.
You spent 6035 gold pieces at shops.
You paid 7128 gold pieces to Gozag.

Inventory:

Hand Weapons
 a - a +0 trident
 b - a +2 vampiric glaive (melded)
Armour
 c - +0 shadow dragon scales (melded)
 d - a +0 kite shield of reflection
 e - a +2 pair of boots of flying (melded)
 f - a +0 pair of gloves (melded)
 h - a +1 cloak of preservation (melded)
Jewellery
 i - the amulet "Buodwir" (around neck) {Regen+ rCorr Str+4}
   (You bought it in a shop in the Dungeon)

   [amulet of regeneration]

   Str+4:     It affects your strength (+4).
   Regen+:    It increases your rate of health regeneration.
   rCorr:     It protects you from acid and corrosion.
 j - a ring of protection from fire (right hypha)
 k - a ring of poison resistance (left hypha)
Wands
 l - a wand of acid (20)
 v - a wand of mindburst (13)
Scrolls
 q - 3 scrolls of identify
 r - 5 scrolls of enchant armour
Potions
 g - a potion of haste
 n - 3 potions of mutation
 t - 3 potions of berserk rage
Miscellaneous
 u - a condenser vane


   Skills:
 + Level 23.6 Fighting
 O Level 27 Polearms
 + Level 23.7 Armour
 + Level 12.7 Dodging
 + Level 14.3 Shields
 + Level 10.7 Evocations


You had 13 spell levels left.
You didn't know any spells.
Your spell library was empty.

Dungeon Overview and Level Annotations

Branches:
Dungeon (1/1)

Altars:
Cheibriados
Dithmenos
Elyvilon
Fedhas
Gozag
Hepliaklqana
Kikubaaqudgha
Makhleb
Nemelex Xobeh
Okawaru
Qazlal
Ru
Sif Muna
Trog
Uskayaw
Vehumet
Wu Jian
Xom
Yredelemnul
Zin
The Shining One
Jiyva
Lugonu

Shops:
D ((*!*(*((*


Innate Abilities, Weirdness & Mutations

You are a sentient fungus.
You are tiny and evasive.
Your melee attack releases spores that confuse breathing creatures.
You become terrified and freeze when enemies are visible.
Your armour is entirely melded.
You are incapable of wielding weapons or throwing items.
You cannot cast spells.
((You have a pair of horns on your head.))
((You reflexively headbutt those who attack you in melee.))


Message History

The ironbound frostheart is heavily wounded.
The vault sentinel blows a loud note on a signal horn!
You release spores at the ironbound frostheart!!
The ironbound frostheart appears confused.
The ironbound frostheart is almost dead.
The ironbound frostheart touches the vault sentinel!
The vault sentinel is killed!
You catch the helpless ironbound frostheart completely off-guard!
You release spores at the ironbound frostheart!!
You kill the ironbound frostheart!
The vault sentinel is distracted by your dazzling golden aura.
The vault warden is distracted by your dazzling golden aura.
An ironbound convoker comes into view. It is wielding a +0 flail.
The vault sentinel is no longer distracted by gold.
The vault warden is no longer distracted by gold.
The vault sentinel blows a loud note on a signal horn!
The ironbound convoker casts a spell at the vault sentinel.
The vault sentinel seems to grow stronger.
You release spores at the vault warden but do no damage.
The vault warden appears confused.
You release spores at the vault warden!!
The vault warden is lightly wounded.
The vault sentinel blows a loud note on a signal horn!
The ironbound convoker gestures at the vault sentinel while chanting.
The vault sentinel seems to grow stronger.
The vault warden seems less confused.
The vault sentinel blows a loud note on a signal horn!
The vault warden is distracted by your dazzling golden aura.
The vault sentinel is distracted by your dazzling golden aura.
A vault sentinel comes into view.
It is wielding a +1 falchion of holy wrath.
The vault warden is no longer distracted by gold.
The vault sentinel blows a loud note on a signal horn! x2
The vault sentinel shouts!
You release spores at the vault warden but do no damage.
The vault warden appears confused.
The vault warden is lightly wounded.
The vault sentinel is distracted by your dazzling golden aura.
The vault warden hits you with a +0 war axe!!
You die...
Your body crumbles into a pile of gold.

,*,*,*,*,*,*,*,▓.▓.▓.▓.▓)▓.▓.▓.▓.
,*,*,*,*,*,*,*,▓.▓.▓.▓.▓.▓.▓.▓.▓.
,*,*,*,*,*,*,*,▓.▓.▓.▓.▓[▓.▓.▓.▓.
,*,*,*,*,*,*,*,▓.▓.▓'▓.▓[▓.▓.▓.▓.
,*,*,*,*,*,*,*,▓.▓.▓)▓.▓[▓.▓.▓.▓.
,*,*,*,*,*,*,*,▓.▓.▓.▓.▓[▓.▓'▓.▓.
,*,*,*,*,*,*,*,▓.▓[▓.▓.▓.▓)▓[▓.▓.
,*,*,*,*,*,*,*,▓.▓.▓.▓.▓[▓.▓.▓.▓.
,*,*,*,*,*,*,*,▓f▓)▓.▓.▓[▓.▓.▓.▓.
,*,*,*,*,*,*,*,▓p▓.▓.▓.▓[▓.▓.▓.▓'
,*,*,*,*,*,*,*,▓$▓.▓.▓.▓.▓.▓.▓.▓.
,*,*,*,*,*,*,*,▓p▓.▓.▓.▓?▓.▓.▓.▓.
,*,*,*,*,*,*,*,▓p▓.▓.▓.▓.▓.▓.▓.▓.
,*,*,*,*+*,*,*,▓$▓.♣'♣.▓.▓.▓.▓.▓.
,*,*+*,*,*,*,*,▓p▓.♣.♣.▓.▓.▓.▓.▓.
,*,*,*,*,*,*,*,▓p▓.♣)♣.▓.▓.▓.▓.▓.
,*,*,*,*,*,*,*,▓.▓.♣.♣.▓.▓.▓.▓.▓.


You could see a vault warden (confused), 3 vault sentinels and an ironbound
convoker.

Vanquished Creatures
  A lich (D)
  A sphinx (D)
  A tengu reaver (D)
  Donald (D)
  2 fire giants (D)
  A vault warden (D)
  An ironbound thunderhulk (D)
  A stone giant (D)
  2 very ugly things (D)
  A vampire knight (D)
  A dire elephant (D)
  A bunyip (D)
  A spark wasp (D)
  A merfolk impaler (D)
  3 rakshasas (D)
  An ettin (D)
  An entropy weaver (D)
  3 fire dragons (D)
  A great orb of eyes (D)
  4 hydras (D)
  2 ice dragons (D)
  An ogre mage (D)
  An ironbound frostheart (D)
  A ghost crab (D)
  A centaur warrior (D)
  A boulder beetle (D)
  2 tengu warriors (D)
  A two-headed ogre (D)
  A vampire mage (D)
  A deep troll shaman (D)
  A deep troll earth mage (D)
  A naga warrior (D)
  A demonic crawler (D)
  4 naga sharpshooters (D)
  An orc high priest (D)
  A sea snake (D)
  A glowing orange brain (D)
  A mana viper (D)
  An orb spider (D)
  4 lindwurms (D)
  A harpy (D)
  11 orc knights (D)
  2 wolf spiders (D)
  2 will-o-the-wisps (D)
  2 manticores (D)
  2 cyclopes (D)
  Maurice (D)
  An elephant (D)
  3 ugly things (D)
  4 black mambas (D)
  A meliai (D)
  2 cane toads (D)
  3 vault sentinels (D)
  Joseph (D)
  A water nymph (D)
  A yaktaur (D)
  An unseen horror (D)
  3 komodo dragons (D)
  A tengu conjurer (D)
  2 trolls (D)
  A tarantella (D)
  A merfolk (D)
  2 tyrant leeches (D)
  2 snapping turtles (D)
  2 slime creatures (D)
  A culicivora (D)
  A jumping spider (D)
  A water elemental (D)
  Eustachio (D)
  A wyvern (D)
  A shadow (D)
  A wraith (D)
  2 yaks (D)
  3 basilisks (D)
  An acid dragon (D)
  4 water moccasins (D)
  A black bear (shapeshifter) (D)
  11 orc warriors (D)
  A bullfrog (D)
  A gnoll sergeant (D)
  A howler monkey (D)
  7 orc priests (D)
  A hound (D)
  An orc wizard (D)
  A white imp (D)
  4 ribbon worms (D)
  7 orcs (D)
  A giant cockroach (D)
  A jackal (D)
  A kobold (D)
  A bat (D)
  2 frilled lizards (D)
169 creatures vanquished.

Vanquished Creatures (others)
  A will-o-the-wisp (D)
  A hornet (D)
  A spriggan (D)
  A foxfire (D)
4 creatures vanquished.

Grand Total: 173 creatures vanquished

Notes
Turn   | Place    | Note
-------+----------+-------------------------------------------
     0 | D        | Heoruswealwe the Minotaur Fighter began the quest for the
                  | Orb.
     0 | D        | Reached XP level 1. HP: 19/19 MP: 0/0
     8 | D        | Reached skill level 3 in Polearms
    17 | D        | Noticed a hound
    17 | D        | Noticed a howler monkey
    23 | D        | Killed a hound
    24 | D        | Reached skill level 5 in Fighting
    24 | D        | Reached skill level 5 in Polearms
    24 | D        | Reached skill level 5 in Armour
    24 | D        | Reached XP level 2. HP: 29/29 MP: 1/1
    24 | D        | Reached XP level 3. HP: 36/36 MP: 2/2
    28 | D        | Reached skill level 6 in Polearms
    52 | D        | Reached skill level 7 in Polearms
    52 | D        | Reached XP level 4. HP: 42/44 MP: 3/3
    56 | D        | Found a snail-covered altar of Cheibriados.
    56 | D        | Found a shadowy altar of Dithmenos.
    56 | D        | Found a white marble altar of Elyvilon.
    56 | D        | Found a blossoming altar of Fedhas.
    56 | D        | Found an opulent altar of Gozag.
    57 | D        | Found a hazy altar of Hepliaklqana.
    58 | D        | Found a viscous altar of Jiyva.
    59 | D        | Found an ancient bone altar of Kikubaaqudgha.
    60 | D        | Found a corrupted altar of Lugonu.
    61 | D        | Found a burning altar of Makhleb.
    62 | D        | Found a sparkling altar of Nemelex Xobeh.
    63 | D        | Found an iron altar of Okawaru.
    64 | D        | Became a worshipper of Gozag Ym Sagoz the Greedy
    65 | D        | Found a stormy altar of Qazlal.
    66 | D        | Found a sacrificial altar of Ru.
    67 | D        | Found a shimmering blue altar of Sif Muna.
    68 | D        | Found a bloodstained altar of Trog.
    69 | D        | Found a hide-covered altar of Uskayaw.
    70 | D        | Found a radiant altar of Vehumet.
    71 | D        | Found an ornate altar of the Wu Jian Council.
    72 | D        | Found a shimmering altar of Xom.
    73 | D        | Found a basalt altar of Yredelemnul.
    74 | D        | Found a glowing silver altar of Zin.
    75 | D        | Found a glowing golden altar of the Shining One.
   132 | D        | Noticed a wraith
   132 | D        | Noticed a two-headed ogre
   132 | D        | Noticed a troll
   132 | D        | Noticed a gnoll sergeant
   132 | D        | Noticed an acid dragon
   137 | D        | Killed a wraith
   138 | D        | Reached skill level 10 in Polearms
   138 | D        | Reached XP level 5. HP: 45/53 MP: 4/4
   141 | D        | Killed a two-headed ogre
   142 | D        | Reached skill level 10 in Fighting
   142 | D        | Reached skill level 14 in Polearms
   142 | D        | Reached skill level 10 in Armour
   142 | D        | Reached XP level 6. HP: 34/67 MP: 5/5
   142 | D        | Reached XP level 7. HP: 37/73 MP: 6/6
   145 | D        | Killed a troll
   146 | D        | Reached XP level 8. HP: 21/82 MP: 7/7
   158 | D        | Reached skill level 15 in Polearms
   166 | D        | Killed an unseen horror
   313 | D        | Noticed a troll
   313 | D        | Noticed a centaur warrior
   313 | D        | Noticed a cyan ugly thing
   313 | D        | Noticed a cyan ugly thing
   318 | D        | Reached skill level 16 in Polearms
   331 | D        | Killed a centaur warrior
   332 | D        | Reached skill level 17 in Polearms
   332 | D        | Reached XP level 9. HP: 71/93 MP: 8/8
   337 | D        | Killed a troll
   344 | D        | Killed a cyan ugly thing
   345 | D        | Reached skill level 18 in Polearms
   348 | D        | Killed a cyan ugly thing
   630 | D        | Noticed a cane toad
   630 | D        | Noticed a cane toad
   630 | D        | Noticed a komodo dragon
   630 | D        | Noticed a komodo dragon
   657 | D        | Killed a cane toad
   658 | D        | Reached skill level 19 in Polearms
   660 | D        | Killed a cane toad
   661 | D        | Reached XP level 10. HP: 37/104 MP: 9/9
   674 | D        | HP: 4/104 [komodo dragon (23)]
   913 | D        | Reached skill level 20 in Polearms
   919 | D        | Reached skill level 15 in Fighting
   919 | D        | Reached skill level 15 in Armour
   940 | D        | Noticed a five-headed hydra
   940 | D        | Noticed a black mamba
   940 | D        | Noticed an elephant
   945 | D        | Killed a nine-headed hydra
   948 | D        | Killed a black mamba
   954 | D        | Killed an elephant
   955 | D        | Reached skill level 21 in Polearms
  1004 | D        | Noticed a lindwurm
  1004 | D        | Noticed a lindwurm
  1015 | D        | Noticed a lindwurm
  1024 | D        | Killed a lindwurm
  1025 | D        | Reached XP level 11. HP: 38/114 MP: 10/10
  1225 | D        | Killed a lindwurm
  1226 | D        | Reached skill level 22 in Polearms
  1230 | D        | Killed a lindwurm
  1450 | D        | Noticed Joseph
  1457 | D        | Killed Joseph
  1691 | D        | Noticed an orc knight
  1712 | D        | Killed an orc knight
  1715 | D        | Noticed an orc high priest
  1741 | D        | Noticed a sun demon
  1745 | D        | Noticed an orc knight
  1757 | D        | Killed an orc high priest
  1758 | D        | Reached skill level 23 in Polearms
  1765 | D        | Killed an orc knight
  2001 | D        | Found Usoxas's Distillery.
  2001 | D        | Noticed an orc knight
  2001 | D        | Noticed an orc knight
  2001 | D        | Noticed an orc knight
  2001 | D        | Noticed an orc knight
  2002 | D        | Noticed an orc knight
  2007 | D        | Killed an orc knight
  2019 | D        | Killed an orc knight
  2023 | D        | Killed an orc knight
  2025 | D        | Noticed an orc knight
  2030 | D        | Killed an orc knight
  2031 | D        | Reached skill level 24 in Polearms
  2033 | D        | Killed an orc knight
  2048 | D        | Killed an orc knight
  2048 | D        | HP: 3/119 [orc warrior/+0 glaive (16)]
  2324 | D        | Found Lonio's Magic Scroll Shoppe.
  2328 | D        | Found Noblaa's General Store.
  2332 | D        | Found Zaitouxum's Antique Weapon Shoppe.
  2334 | D        | Noticed an orc knight
  2335 | D        | Noticed an orc knight
  2336 | D        | Noticed an orc knight
  2370 | D        | Killed an orc knight
  2375 | D        | Killed an orc knight
  2472 | D        | Killed an orc knight
  2473 | D        | Reached XP level 12. HP: 50/128 MP: 11/11
  2856 | D        | Bought a potion of brilliance for 44 gold pieces
  2856 | D        | Bought a potion of resistance for 110 gold pieces
  2856 | D        | Bought a potion of degeneration for 11 gold pieces
  2856 | D        | Bought 2 potions of mutation for 176 gold pieces
  2856 | D        | Bought 2 potions of curing for 66 gold pieces
  2856 | D        | Bought a potion of curing for 33 gold pieces
  2856 | D        | Bought a potion of attraction for 33 gold pieces
  2868 | D        | Bought a scroll of revelation for 90 gold pieces
  2868 | D        | Bought a scroll of identify for 24 gold pieces
  2868 | D        | Bought a scroll of identify for 24 gold pieces
  2868 | D        | Bought a scroll of acquirement for 624 gold pieces
  2868 | D        | Bought a scroll of enchant armour for 90 gold pieces
  2868 | D        | Bought a scroll of enchant armour for 90 gold pieces
  2868 | D        | Bought a scroll of identify for 24 gold pieces
  2868 | D        | Bought a scroll of enchant armour for 90 gold pieces
  2868 | D        | Bought a scroll of immolation for 48 gold pieces
  3508 | D        | Bought a scroll of revelation for 82 gold pieces
  3508 | D        | Bought a potion of curing for 33 gold pieces
  3508 | D        | Bought a potion of haste for 110 gold pieces
  3508 | D        | Bought an amulet of regeneration for 330 gold pieces
  4221 | D        | Bought a wavering amethyst amulet for 160 gold pieces
  4221 | D        | Identified the amulet "Buodwir" {Regen+ rCorr Str+4} (You
                  | bought it in a shop in the Dungeon)
  4221 | D        | Bought a condenser vane for 1280 gold pieces
  4221 | D        | Bought a scroll labelled NYFI OTEOBEL for 32 gold pieces
  4221 | D        | Bought a wand of acid (7) for 940 gold pieces
  4221 | D        | Bought a translucent brass amulet for 160 gold pieces
  4221 | D        | Identified the amulet of Qonin {RegenMP Regen+} (You bought
                  | it in a shop in the Dungeon)
  4229 | D        | Bought a +1 vampiric glaive for 265 gold pieces
  4268 | D        | Acquired 1239 gold pieces
  4290 | D        | Bought a scroll labelled SARAF JALAPUET for 26 gold pieces
  4290 | D        | Bought a potion of mutation for 208 gold pieces
  4290 | D        | Bought a glowing cloak for 195 gold pieces
  4290 | D        | Bought a glowing glaive for 247 gold pieces
  4386 | D        | Noticed Maurice
  4412 | D        | Killed Maurice
  4413 | D        | Reached skill level 25 in Polearms
  4593 | D        | Noticed a boulder beetle
  4593 | D        | Noticed an ogre mage
  4606 | D        | Killed an ogre mage
  4609 | D        | Killed a boulder beetle
  4611 | D        | Noticed a rakshasa
  4615 | D        | Noticed a tengu warrior
  4635 | D        | Noticed a deep troll earth mage
  4638 | D        | Noticed a fire dragon
  4658 | D        | Noticed a stone giant
  4673 | D        | Killed a tengu warrior
  4675 | D        | Noticed a fire dragon
  4684 | D        | Noticed a fire dragon
  4685 | D        | Killed a deep troll earth mage
  4686 | D        | Reached skill level 26 in Polearms
  4697 | D        | Killed a rakshasa
  4703 | D        | Killed a stone giant
  4709 | D        | Killed a fire dragon
  4710 | D        | Noticed a tengu warrior
  4722 | D        | Noticed a tengu reaver
  4728 | D        | Killed a tengu warrior
  4740 | D        | Killed a tengu reaver
  4741 | D        | Reached skill level 27 in Polearms
  4782 | D        | Bought a wand of acid (3) for 315 gold pieces
  4782 | D        | Bought a scroll labelled PIKYORGH OSEXUCVOTS for 25 gold
                  | pieces
  4782 | D        | Bought a scroll of identify for 50 gold pieces
  4878 | D        | Reached skill level 1 in Dodging
  4878 | D        | Reached skill level 1 in Evocations
  4879 | D        | Noticed a merfolk impaler
  4903 | D        | Reached skill level 5 in Shields
  4921 | D        | Killed a merfolk impaler
  4937 | D        | Noticed a demonic crawler
  4942 | D        | Reached XP level 13. HP: 141/141 MP: 12/12
  4955 | D        | Reached skill level 5 in Dodging
  4978 | D        | Noticed a bunyip
  4987 | D        | Killed a bunyip
  4988 | D        | Reached skill level 5 in Evocations
  5154 | D        | Reached skill level 10 in Shields
  5224 | D        | Noticed Eustachio
  5234 | D        | Noticed Donald
  5237 | D        | Killed Eustachio
  5249 | D        | Killed Donald
  5385 | D        | Noticed a fire giant
  5385 | D        | Noticed a green very ugly thing
  5385 | D        | Noticed a fire dragon
  5385 | D        | Noticed a sphinx
  5395 | D        | Killed a green very ugly thing
  5399 | D        | Killed a fire giant
  5410 | D        | Noticed a fire giant
  5412 | D        | Killed a fire dragon
  5416 | D        | Killed a sphinx
  5417 | D        | Reached skill level 10 in Dodging
  5424 | D        | Noticed a spark wasp
  5429 | D        | Killed a fire giant
  5431 | D        | Noticed a lich
  5435 | D        | Reached XP level 14. HP: 155/155 MP: 13/13
  5456 | D        | Killed a lich
  5568 | D        | Noticed a vampire knight
  5569 | D        | Noticed a cyan very ugly thing
  5589 | D        | Killed a cyan very ugly thing
  5607 | D        | HP: 6/157 [something (10)]
  5610 | D        | Killed a vampire knight
  5787 | D        | Noticed an ironbound thunderhulk
  5787 | D        | Noticed a vault warden
  5797 | D        | Reached skill level 10 in Evocations
  5809 | D        | Killed a vault warden
  5851 | D        | Killed an ironbound thunderhulk
  5855 | D        | HP: 3/157 [ironbound frostheart/creeping frost (19)]
  5856 | D        | Noticed a vault warden
  5874 | D        | Mangled by a vault warden

Illustrated notes

Levels and vault maps discovered:
D:        linesprint [early_d, line_temple, items_1, d_10, items_2, lair_1,
          lair_end, items_3, orc_1, orc_end, items_4, d_15, swamp_1, shoals_1,
          snake_1, spider_1, d_20, vaults_1, items_5, swamp_end, shoals_end,
          snake_end, spider_end, vaults_end, d_27, items_6, zot_1, zot_end,
          crypt_end, forest_end, elf_end, slime_end, tomb_end, abyss_end,
          pan_hell_end]

Skill      XL: |  1  2  3  4  5  6  7  8  9 10 11 12 13 14 |
---------------+-------------------------------------------+-----
Polearms       | 5 7 10 14 17 19 21 24 27 | 27.0
Fighting       | 5 6 8 10 11 13 14 16 18 20 22 23 | 23.6
Armour         | 5 6 8 10 11 13 14 16 18 20 22 23 | 23.7
Dodging        | 4 10 12 | 12.7
Shields        | 6 12 14 | 14.3
Evocations     | 3 8 10 | 10.7

Action                     |  1- 3 |  4- 6 |  7- 9 | 10-12 | 13-15 || total
---------------------------+-------+-------+-------+-------+-------++-------
  Melee: Trident           |    34 |       |       |       |       ||    34
         Headbutt          |     1 |     1 |     7 |    68 |    61 ||   138
         Halberd           |       |     9 |    51 |   243 |       ||   303
         Glaive            |       |       |       |   148 |   257 ||   405
         Unarmed           |       |       |       |       |    26 ||    26
 Invoke: Call Merchant     |       |       |       |     5 |     2 ||     7
    Use: Potion            |       |       |     2 |    12 |    11 ||    25
         Scroll            |       |       |       |     8 |     2 ||    10
   Stab: Distracted        |       |       |       |     3 |     2 ||     5
         Sleeping          |       |       |       |     2 |       ||     2
         Confused          |       |       |       |       |     4 ||     4
 Armour: Scale mail        |    14 |       |       |       |       ||    14
         Chain mail        |       |     6 |    39 |       |       ||    45
         Plate armour      |       |       |    12 |   157 |       ||   169
         Shadow dragon sca |       |       |       |   132 |   229 ||   361
         Skin              |       |       |       |       |    11 ||    11
  Dodge: Dodged            |    15 |     3 |    12 |    88 |    88 ||   206
  Block: Buckler           |     7 |       |       |       |       ||     7
